Map: 뉴 리퍼그넌시 - 래더

Players

Mlord (MarineLorD)

  • Race: Terran Terran
  • Spawn Location: 7:00

soO - Winner!

  • Race: Zerg Zerg
  • Spawn Location: 1:00

Event: IEM Season 13: Katowice (2019)

VOD

Have the link to the VOD?

Description

Time

  • Played on: Feb. 26, 2019, 4:08 a.m.
  • Length: 6:06

All games in this series

Show
View Real Time Build Order
Export as new Build Order

Mlord Terran 

Build Orders: Gas First Reaper Expand, Liberator Opening 

Get SALT Encoding   

  12  0:00  SCV  
  13  0:12  SCV  
  14  0:17  Supply Depot  
  14  0:24  SCV  
  15  0:30  Refinery  
  15  0:39  SCV  
  16  0:44  Barracks  
  16  0:51  SCV  
  17  1:03  SCV  
  18  1:15  SCV  
  19  1:30  Orbital Command  
  19  1:31  Reaper  
  20  1:42  Command Center  
  20  1:56  SCV  
  20  1:57  Factory  
  21  2:07  Supply Depot  
  21  2:08  Barracks Reactor  
  21  2:09  SCV  
  21  2:14  Refinery  
  22  2:21  SCV  
  23  2:33  SCV  
  24  2:45  SCV  
  24  2:47  Starport  
  24  2:50  Hellion x2, Marine  
  30  2:56  Orbital Command  
  30  2:58  SCV  
  31  3:08  Barracks Tech Lab, Liberator  
  31  3:10  SCV  
  32  3:15  Hellion x2  
  36  3:22  SCV x2  
  41  3:32  Supply Depot  
  42  3:34  SCV  
  42  3:35  SCV  
  45  3:48  SCV  
  44  3:50  Supply Depot  
  44  3:51  Hellion  
  44  3:53  SCV, Marine  
  44  3:54  Liberator, Stimpack, Hellion  
  50  4:00  SCV  
  51  4:05  SCV  
  52  4:13  SCV  
  56  4:19  SCV  
  56  4:22  Command Center  
  57  4:26  SCV, Marine  
  57  4:31  SCV  
  60  4:38  SCV  
  61  4:39  Factory Tech Lab  
  61  4:43  SCV  
  62  4:46  Marine  
  62  4:50  SCV, Supply Depot  
  60  4:55  Liberator, SCV  
  61  5:02  SCV  
  61  5:03  Bunker  
  62  5:09  Supply Depot  
  62  5:10  Supply Depot x2  
  62  5:11  Marine  
  62  5:12  Siege Tank, SCV  
  68  5:14  SCV  
  66  5:24  SCV  
  66  5:25  Barracks  
  66  5:26  SCV  
  66  5:27  Barracks  
  68  5:29  Marine  
  68  5:36  SCV  
  68  5:38  SCV  
  69  5:48  SCV  
  72  5:50  SCV  
Show
View Real Time Build Order
Export as new Build Order

soO Zerg - Winner!

Build Orders: Hatch First 

Get SALT Encoding   

  12  0:00  Drone  
  13  0:12  Overlord  
  13  0:17  Drone  
  14  0:30  Drone x2  
  14  0:34  Drone  
  17  0:51  Hatchery  
  17  0:54  Drone  
  17  0:57  Drone  
  18  1:08  Extractor  
  17  1:12  Spawning Pool  
  17  1:15  Drone  
  17  1:18  Drone  
  18  1:28  Drone  
  19  1:39  Overlord  
  19  1:50  Drone  
  20  1:58  Queen  
  20  2:00  Zergling x2  
  23  2:02  Queen  
  23  2:03  Zergling x2  
  23  2:08  Metabolic Boost  
  26  2:21  Drone  
  26  2:22  Drone  
  28  2:29  Hatchery  
  27  2:32  Drone  
  27  2:34  Drone  
  29  2:38  Drone  
  30  2:45  Queen  
  30  2:48  Drone  
  33  2:53  Overlord  
  33  2:55  Drone  
  33  2:58  Drone  
  35  3:02  Drone  
  36  3:16  Drone x3  
  36  3:19  Drone  
  40  3:21  Queen  
  40  3:22  Drone  
  43  3:29  Overlord  
  43  3:30  Drone  
  44  3:41  Overlord  
  44  3:43  Drone x4  
  44  3:44  Roach Warren  
  44  3:45  Overlord  
  47  3:52  Zergling x4  
  47  3:53  Drone x2  
  51  4:00  Drone  
  51  4:01  Extractor  
  51  4:04  Extractor, Drone  
  51  4:05  Zergling x2  
  52  4:10  Drone  
  52  4:11  Drone  
  52  4:16  Overlord  
  54  4:24  Drone  
  54  4:30  Roach x9  
  73  4:34  Spore Crawler  
  72  4:39  Roach  
  71  4:53  Zergling x4  
  71  5:01  Overlord  
  71  5:03  Overlord  
  71  5:04  Spore Crawler  
  71  5:05  Zergling x2  
  71  5:06  Zergling x4  
  73  5:08  Overlord  
  73  5:15  Overlord  
  73  5:19  Overlord  
  76  5:21  Ravager x5  
  76  5:22  Zergling x8  
  76  5:25  Zergling x4  
  84  5:34  Zergling x2  
  84  5:35  Zergling x8  
  89  5:38  Ravager  
  89  5:40  Zergling x2  
  89  5:41  Zergling x2  

Tags
 
Add a new tag
Caveats
  • Supply blocks, unpowered buildings, or Contaminate may cause inaccurate times.
  • Supply counts are checked every 10 seconds.